 Dungeon Crawl Stone Soup version 0.14-a0-1663-g0b35444 (webtiles) character file.

9535 M4edhros the Nimble (level 11, 0/63 HPs)
             Began as an Octopode Artificer on Dec 28, 2013.
             Was a Priest of Fedhas.
             Slain by a centaur warrior (12 damage)
             ... on Level 13 of the Dungeon.
             The game lasted 00:44:34 (12223 turns).

M4edhros the Nimble (Octopode Artificer)           Turns: 12223, Time: 00:44:35

HP   0/63        AC  1     Str 16      XL: 11   Next: 37%
MP  44/44        EV 19     Int 18      God: Fedhas [***...]
Gold 704         SH  8     Dex 12      Spells:  3 memorised, 16 levels left

rFire  + . .     SeeInvis .     o - +0,+5 spear (venom)
rCold  . . .     Clarity  .     I - +1 dwarf buckler
rNeg   . . .     Conserve .     (helmet restricted)
rPois  .         rCorr    .     (no amulet)
rElec  .         rRot     .     e - cursed +3 ring of evasion
SustAb . .       Spirit   .     G - cursed ring of wizardry
rMut   .         Warding  .     j - ring of fire
Saprov . . .     Stasis   .     L - ring of magical power
                                O - ring of protection from cold
                                P - ring of magical power
                                (no ring)
                                (no ring)

@: about to teleport, mighty, somewhat resistant to hostile enchantments,
stealthy
A: almost no armour, amphibious, 8 rings, constrict 8, camouflage 1, sense
surroundings 1, gelatinous body 1
a: Evolution, Sunlight, Growth, Renounce Religion


You were on level 13 of the Dungeon.
You worshipped Fedhas.
Fedhas was most pleased with you.
You were not hungry.

You visited 2 branches of the dungeon, and saw 14 of its levels.

You collected 704 gold pieces.

Inventory:

Hand weapons
 m - a +3,+0 halberd of chopping
 o - a +0,+5 spear of venom (weapon)
 x - a +0,+0 orcish trident
 F - a +4,+2 flail of holy wrath
 N - the +7,+7 Singing Sword
   (You found it on level 7 of the Dungeon)
Missiles
 w - 3 throwing nets (quivered)
Armour
 I - a +1 dwarven buckler (worn)
Magical devices
 c - a wand of enslavement (6)
 d - a wand of random effects (11)
 B - a wand of confusion (4)
 S - a wand of disintegration (8)
 T - a wand of frost (12)
Comestibles
 f - 9 bread rations
 k - 2 pears
 z - a snozzcumber
 C - a cheese
 J - 3 chokos
 R - 4 apples
Scrolls
 a - 4 scrolls of remove curse
 h - 3 scrolls of enchant weapon II
 i - 7 scrolls of identify
 l - a scroll of enchant armour
 n - 4 scrolls of teleportation
 t - 3 scrolls of recharging
 K - 3 scrolls of blinking
 Q - 2 scrolls of fog
Jewellery
 e - a cursed +3 ring of evasion (left tentacle)
 j - a ring of fire (on tentacle)
 G - a cursed ring of wizardry (right tentacle)
 L - a ring of magical power (on tentacle)
 M - an uncursed amulet of faith
 O - a ring of protection from cold (on tentacle)
 P - a ring of magical power (on tentacle)
Potions
 g - a potion of flight
 q - 3 potions of curing
 s - 2 potions of magic
 A - a potion of lignification
Books
 p - a book of Callings

   Spells                             Type                      Level
   Summon Small Mammal                Summoning                    1
   Call Imp                           Summoning                    2
   Call Canine Familiar               Summoning                    3
   Summon Scorpions                   Summoning/Poison             4
   Summon Ice Beast                   Ice/Summoning                4
 r - a book of Wizardry

   Spells                             Type                      Level
   Summon Elemental                   Summoning                    4
   Agony                              Necromancy                   5
   Force Lance                        Conjuration                  5
   Fireball                           Conjuration/Fire             5
   Haste                              Charms                       6
   Invisibility                       Hexes                        6
 u - a book of Frost

   Spells                             Type                      Level
   Freeze                             Ice                          1
   Throw Frost                        Conjuration/Ice              2
   Ozocubu's Armour                   Charms/Ice                   3
   *Throw Icicle                      Conjuration/Ice              4
   Summon Ice Beast                   Ice/Summoning                4
   Condensation Shield                Ice                          4
 D - a book of Air

   Spells                             Type                      Level
   Shock                              Conjuration/Air              1
   *Swiftness                         Charms/Air                   2
   *Repel Missiles                    Charms/Air                   2
   Flight                             Charms/Air                   3
   Static Discharge                   Conjuration/Air              3
   Lightning Bolt                     Conjuration/Air              5
Magical staves
 v - an uncursed staff of energy
 y - an uncursed staff of wizardry


   Skills:
 - Level 1.0 Fighting
   Level 1.0 Short Blades
 - Level 10.2 Dodging
 - Level 1.3 Stealth
 * Level 7.0 Spellcasting
 * Level 8.0 Conjurations
 + Level 8.8 Invocations
 - Level 5.5 Evocations


You had 16 spell levels left.
You knew the following spells:

 Your Spells              Type           Power        Failure   Level  Hunger
a - Swiftness             Chrm/Air       #.......     8%          2    None
b - Repel Missiles        Chrm/Air       #.........   8%          2    None
c - Throw Icicle          Conj/Ice       ##......     11%         4    ####...


Dungeon Overview and Level Annotations

Branches:
Dungeon (13/16)            Temple (1/1) D:6             Orc (0/4) D:9
   Lair (0/8) D:11

Altars:
Ashenzari
Cheibriados
Elyvilon
Fedhas
Kikubaaqudgha
Makhleb
Nemelex Xobeh
Okawaru
Sif Muna
Trog
Vehumet
Xom
Yredelemnul
Zin
the Shining One

Shops:
D:4 *


Innate Abilities, Weirdness & Mutations

You cannot wear most types of armour.
You are amphibious.
You can wear up to eight rings at the same time.
You can use your tentacles to constrict many enemies at once.
Your skin changes colour to match your surroundings (Stlth).
Your rubbery body absorbs attacks (AC +1).
You passively map a small area around you.


Message History

The poisoned arrow misses you. The centaur warrior hits you!
Read which item? (? for menu, Esc to quit)
As you read the scroll of teleportation, it crumbles to dust.
You feel strangely unstable.
The centaur warrior shoots a poisoned arrow.
The poisoned arrow misses you. The centaur warrior hits you!
* * * LOW HITPOINT WARNING * * *
Read which item? (? for menu, Esc to quit)
Okay, then.
Drink which item? (? for menu, Esc to quit)
Okay, then.
Read which item? (? for menu, Esc to quit)
As you read the scroll of fog, it crumbles to dust.
The scroll dissolves into smoke.
The centaur warrior shoots a poisoned arrow.
The poisoned arrow misses you. The centaur warrior misses you.
The centaur warrior hits you!
You die...
Xom bursts into laughter!
Fedhas appreciates your contribution to the ecosystem.

,, , #J..# ,, , ,* #...#
*, . #...# .... #...# , ,
....c #...# * ,
......####...#
.....(..§§...# *
,......§§§§§..# , , , ,
......§§@c§..#
...#######...######.. , .
#...........#
#...........#
#...######..# * #...#
#..# ,
...#######...######..####
,
.........................
, ,
.........................


You could see 2 centaur warriors.

Vanquished Creatures
  2 hill giants
  An elephant (D:11)
  A feature mimic (D:10)
  A troll (D:9)
  An elephant slug (D:11)
  3 ice beasts
  A phantom (D:5)
  A sky beast (D:10)
  5 ogres
  A slave (D:4)
  An orc warrior (D:10)
  A crocodile (D:12)
  6 giant frogs
  8 scorpions
  A big kobold (D:12)
  An electric eel (D:10)
  6 killer bees
  4 wights
  3 crimson imps
  2 goliath beetles
  2 jellies
  2 hounds
  2 orc priests
  3 worker ants
  An iguana (D:5)
  6 orc wizards
  A sheep (D:11)
  Jessica (D:2)
  7 adders
  3 gnolls
  A worm zombie (D:6)
  3 giant mites (D:7)
  3 worms
  2 adder skeletons
  A giant eyeball (D:13)
  5 giant geckos
  18 orcs
  4 giant cockroaches
  6 goblins
  12 hobgoblins
  25 jackals
  22 kobolds
  A quokka (D:10)
  4 ball pythons
  22 bats
  4 giant newts
  A hobgoblin skeleton (D:5)
  A kobold zombie (D:5)
  8 rats
  A rat skeleton (D:5)
222 creatures vanquished.

Vanquished Creatures (collateral kills)
  A hill giant (D:11)
  Pikel (D:4)
  2 yellow wasps (D:11)
  Grinder (D:4)
  A two-headed ogre (D:11)
  A hydra skeleton (D:8)
  4 slime creatures (D:11)
  A basilisk (D:12)
  4 yaks (D:13)
  A shadow (D:13)
  Eustachio (D:7)
  A wraith (D:10)
  A steam dragon (D:10)
  2 wandering mushrooms (D:11)
  A hill giant skeleton (D:12)
  2 soldier ants
  Edmund (D:4)
  3 sky beasts
  A manticore (D:11)
  2 black bears
  2 ice beasts
  3 orc warriors
  3 slaves (D:4)
  2 ogres
  3 phantoms
  2 rotting devils (D:11)
  2 centaurs
  2 big kobolds (D:11)
  Sigmund (D:5)
  2 crocodiles
  3 giant frogs
  An agate snail (D:11)
  A gnoll sergeant (D:11)
  3 iguanas
  2 insubstantial wisps (D:10)
  A cyclops skeleton (D:11)
  2 killer bees
  4 wights
  2 jellies
  A yak skeleton (D:13)
  A hippogriff skeleton (D:11)
  A goliath beetle (D:8)
  A crimson imp (D:11)
  4 orc priests
  A scorpion (D:4)
  A giant frog skeleton (D:10)
  5 orc wizards
  A worker ant (D:4)
  13 gnolls
  A worm (D:11)
  14 orcs
  A bat (D:6)
  A giant cockroach (D:4)
  A hobgoblin (D:5)
  A giant newt (D:4)
  7 kobolds
  A toadstool (D:8)
129 creatures vanquished.

Vanquished Creatures (others)
  6 necrophages
  A goliath beetle zombie (D:8)
  A giant spore (D:11)
  25 wandering mushrooms
  2 fungi
  170 toadstools
205 creatures vanquished.

Grand Total: 556 creatures vanquished

Notes
Turn   | Place    | Note
--------------------------------------------------------------
     0 | D:1      | M4edhros, the Octopode Artificer, began the quest for the Orb.
     0 | D:1      | Reached XP level 1. HP: 13/13 MP: 1/1
   274 | D:1      | Reached skill level 4 in Evocations
   274 | D:1      | Reached XP level 2. HP: 12/18 MP: 3/3
   746 | D:3      | Reached XP level 3. HP: 19/23 MP: 5/5
   826 | D:3      | You fall through a shaft for 3 floors!
   853 | D:6      | Reached skill level 5 in Evocations
   944 | D:6      | Reached XP level 4. HP: 28/28 MP: 7/7
  1049 | D:6      | Noticed an ice beast
  1053 | D:6      | Killed an ice beast
  1053 | D:6      | Reached XP level 5. HP: 33/33 MP: 9/9
  1080 | D:6      | Noticed an ice beast
  1168 | D:6      | Killed an ice beast
  1168 | D:6      | Reached XP level 6. HP: 36/38 MP: 11/11
  1187 | D:6      | Reached skill level 5 in Dodging
  1219 | D:6      | Found a staircase to the Ecumenical Temple.
  1225 | Temple   | Entered the Ecumenical Temple
  1282 | Temple   | Became a worshipper of Xom of Chaos
  1317 | Temple   | Fell from the grace of Xom
  1317 | Temple   | Became a worshipper of Fedhas Madash
  1538 | D:5      | Entered Level 5 of the Dungeon
  1809 | D:5      | Noticed Sigmund
  1831 | D:5      | Killed Sigmund
  1831 | D:5      | Reached skill level 6 in Dodging
  1852 | D:5      | Reached XP level 7. HP: 43/43 MP: 13/13
  1892 | D:5      | XOM: noise
  1900 | D:5      | Acquired Fedhas' first power
  2120 | D:5      | Reached skill level 1 in Invocations
  2146 | D:5      | Reached skill level 7 in Dodging
  2148 | D:5      | XOM: mild Hex miscast
  2621 | D:5      | XOM: mild Summ miscast
  2661 | D:5      | Reached XP level 8. HP: 31/48 MP: 15/15
  2663 | D:5      | Noticed a necrophage
  2664 | D:5      | Killed a necrophage
  2734 | D:4      | XOM: medium Ice miscast
  2752 | D:4      | Noticed Grinder
  2767 | D:4      | Reached skill level 8 in Dodging
  2806 | D:4      | Paralysed by Grinder for 3 turns
  2823 | D:4      | Killed Grinder
  2969 | D:4      | Noticed Pikel
  2993 | D:4      | Killed Pikel
  2993 | D:4      | Reached skill level 9 in Dodging
  2999 | D:4      | Acquired Fedhas' second power
  3023 | D:4      | Found Chatsub's Elemental Accessories.
  3209 | D:4      | Learned a level 2 spell: Swiftness
  3212 | D:4      | Learned a level 2 spell: Repel Missiles
  3267 | D:4      | Paralysed by a potion of paralysis for 4 turns
  3299 | D:4      | Noticed Edmund
  3319 | D:4      | Killed Edmund
  4147 | D:2      | Noticed Jessica
  4170 | D:2      | XOM: mild Trmt miscast
  4191 | D:2      | Killed Jessica
  4191 | D:2      | Reached skill level 5 in Invocations
  4309 | D:2      | Reached XP level 9. HP: 36/53 MP: 17/17
  4574 | D:2      | Acquired Fedhas' third power
  4862 | D:1      | XOM: mild Hex miscast
  5316 | D:6      | XOM: mild Trmt miscast
  5732 | D:7      | Reached skill level 10 in Dodging
  5793 | D:7      | Learned a level 4 spell: Throw Icicle
  5951 | D:7      | Reached skill level 1 in Conjurations
  5952 | D:7      | Acquired Fedhas' fourth power
  6241 | D:7      | Noticed Eustachio
  6249 | D:7      | Killed Eustachio
  6249 | D:7      | Reached skill level 1 in Spellcasting
  7353 | D:8      | XOM: medium Tloc miscast
  7643 | D:9      | Found a bloodstained altar of Trog.
  8236 | D:9      | Found a staircase to the Orcish Mines.
  8358 | D:9      | Reached XP level 10. HP: 58/58 MP: 20/20
  8437 | D:10     | Entered Level 10 of the Dungeon
  8496 | D:10     | HP: 2/58 [centaur/arrow (13)]
  8992 | D:10     | Noticed a hill giant
  9016 | D:10     | Killed a hill giant
  9029 | D:10     | Reached skill level 5 in Conjurations
  9324 | D:10     | XOM: harmless Conj miscast
  9573 | D:10     | Reached skill level 5 in Spellcasting
  9964 | D:10     | XOM: noise
 10168 | D:11     | Found a staircase to the Lair.
 10168 | D:11     | Noticed an elephant
 10711 | D:11     | Reached XP level 11. HP: 29/63 MP: 25/25
 10715 | D:11     | Killed an elephant
 10900 | D:11     | XOM: medium Erth miscast
 10998 | D:11     | Noticed a hill giant
 11035 | D:11     | XOM: mild Ice miscast
 11099 | D:11     | Gained mutation: You passively map a small area around you. [mutagenic meat]
 11220 | D:11     | Killed a hill giant
 12139 | D:13     | Noticed a hill giant
 12150 | D:13     | Killed a hill giant
 12190 | D:13     | Noticed a five-headed hydra
 12211 | D:13     | Noticed a centaur warrior
 12221 | D:13     | Noticed a centaur warrior
 12223 | D:13     | Slain by a centaur warrior

Action                   |  1- 3 |  4- 6 |  7- 9 | 10-12 || total
-------------------------+-------+-------+-------+-------++-------
Melee: Short sword       |    43 |       |       |       ||    43
       Spear             |    12 |    65 |   291 |    69 ||   437
       Unarmed           |       |       |     5 |       ||     5
       Long sword        |       |       |    81 |    28 ||   109
       Trident           |       |       |    75 |       ||    75
       Halberd           |       |       |       |   111 ||   111
 Cast: Throw Icicle      |       |       |       |    10 ||    10
Invok: Evolution         |       |       |     9 |    20 ||    29
       Sunlight          |       |       |     7 |    11 ||    18
       Reproduction      |       |       |       |     1 ||     1
Evoke: Wand              |       |    15 |    13 |    13 ||    41
  Use: Scroll            |     3 |     1 |    13 |     5 ||    22
       Potion            |     2 |     4 |     7 |     7 ||    20
 Stab: Sleeping          |     2 |     3 |    14 |     3 ||    22
       Confused          |       |       |     4 |     8 ||    12
       Distracted        |       |       |     1 |     2 ||     3
